 Dungeon Crawl Stone Soup version 0.29.0-13-gc9e81de378 (webtiles) character file.

Game seed: 7150897408833812511

176 keekatzer the Caller (level 5, 0/41 HPs)
             Began as a Ghoul Summoner on Sept 9, 2022.
             Killed by divine providence
             ... invoked by an orc priest
              (14 damage)
             ... on level 4 of the Dungeon.
             The game lasted 00:13:54 (3204 turns).

keekatzer the Caller (Ghoul Summoner)               Turns: 3204, Time: 00:13:55

Health: 0/41       AC:  4    Str: 12    XL:     5   Next: 56%
Magic:  3/7        EV: 12    Int: 10    God:
Gold:   110        SH:  0    Dex: 11    Spells: 3/9 levels left

rFire   . . .      SeeInvis .   h - +0 dagger
rCold   + . .      Faith    .   (no shield)
rNeg    + + +      Spirit   .   a - +0 robe
rPois   ∞          Reflect  .   (no helmet)
rElec   .          Harm     .   k - +0 cloak
rCorr   .          Rampage  .   (no gloves)
Will    .....                   t - +0 pair of boots
Stlth   ++........              (no amulet)
HPRegen 0.00/turn               (no ring)
MPRegen 0.10/turn               (no ring)

@: inhibited regen
A: claws 1, cold resistance 1, negative energy resistance 3, inhibited
regeneration, torment resistance 2, devour on kill
a: no special abilities


You were on level 4 of the Dungeon.
You visited 1 branch of the dungeon, and saw 4 of its levels.

You collected 110 gold pieces.

Inventory:

Hand Weapons
 h - a +0 dagger (weapon)
 l - a +0 mace of protection
 n - a +0 rapier
Missiles
 f - 16 poisoned darts (quivered)
Armour
 a - a +0 robe (worn)
 i - a +0 ring mail
 k - a +0 cloak (worn)
 m - a +0 kite shield
 t - a +0 pair of boots (worn)
 x - a +2 tower shield
 B - a +0 leather armour
Magical Staves
 r - a staff of earth
Jewellery
 s - a ring of ice
 u - a ring of fire
Scrolls
 c - a scroll of teleportation {unknown}
 d - 7 scrolls of identify {unknown}
 g - a scroll of blinking {unknown}
 j - 2 scrolls of magic mapping {unknown}
 o - a scroll of fog {unknown}
 p - a scroll of immolation {unknown}
 w - a scroll of amnesia {unknown}
 y - a scroll of noise {unknown}
Potions
 b - a potion of magic
 e - a potion of ambrosia {unknown}
 q - 2 potions of brilliance {unknown}
 v - a potion of resistance {unknown}
 z - a potion of might {unknown}
 A - a potion of cancellation {unknown}


   Skills:
 + Level 2.2 Fighting
 + Level 2.7 Dodging
 + Level 3.5 Stealth
 + Level 2.5 Spellcasting
 + Level 4.2 Summonings


You had 3 spell levels left.
You knew the following spells:

 Your Spells              Type           Power      Damage    Failure   Level
a - Summon Small Mammal   Summ           36%        N/A       5%          1
b - Call Imp              Summ           9%         N/A       8%          2
c - Call Canine Familiar  Summ           9%         N/A       16%         3

Your spell library contained the following spells:

 Spells                   Type           Power      Damage    Failure   Level
 Summon Guardian Golem    Hex/Summ       5%         N/A       36%         3
 Ozocubu's Armour         Ice            1%         N/A       65%         3
 Summon Lightning Spire   Summ/Air       5%         N/A       77%         4
 Ozocubu's Refrigeration  Ice            0%         4d7       100%        7


Dungeon Overview and Level Annotations

Branches:
Dungeon (4/15)
 Temple: D:4-7

Altars:
Sif Muna


Innate Abilities, Weirdness & Mutations

You are immune to poison.
You have sharp fingernails.
Your flesh is cold resistant. (rC+)
You are immune to negative energy. (rN+++)
You do not regenerate when monsters are visible.
You are immune to unholy pain and torment.
You thrive by killing the living.


Message History

You barely miss the orc priest. The orc hits you but does no damage.
The orc priest misses you.
The orc hits your crimson imp with a +0 falchion.
Your crimson imp misses the orc.
You closely miss the orc priest.
The orc priest calls down the wrath of Beogh upon you.
Beogh smites you!
Your crimson imp closely misses the orc.
You hear a shout!
You hit the orc.
The orc is moderately wounded.
The orc hits your crimson imp with a +0 club.
The orc priest calls upon Beogh to heal the orc.
The orc's wounds heal themselves!
Your crimson imp hits the orc.
You hit the orc but do no damage. The orc misses your crimson imp.
The orc priest calls upon Beogh to heal the orc.
The orc's wounds heal themselves!
The orc hits you with a +0 falchion.
Your crimson imp hits the orc.
You closely miss the orc. The orc misses your crimson imp.
The orc priest completely misses you. The orc hits you with a +0 falchion.
Your crimson imp hits the orc.
Casting: Call Imp (safe; 8% risk of failure)
Confirm with . or Enter, or press ? or * to list all spells.
An orc priest comes into view. It is wielding a +0 flail.
The orc hits your crimson imp with a +0 club.
The orc priest begins to cast a cantrip, but forgets the words!
The orc misses you.
Your crimson imp misses the orc.
You swap places.
The orc hits you with a +0 club.
Your crimson imp hits the orc but does no damage.
The orc priest miscasts a cantrip.
The orc misses you. The orc attacks as you move away!
The orc barely misses you.
The orc priest calls upon Beogh to heal the orc.
The orc is healed somewhat.
The orc priest hits your crimson imp with a +0 flail.
Your crimson imp hits the orc priest.
Something misses your crimson imp.
The orc priest calls down the wrath of Beogh upon you.
Beogh smites you!
You die...

#. ### #. ########.#### #.
#.......#...# #.##
#.####.###..# #... #.....##
##.#
#####..####..###.###..#
#............# ##.#<#.#
#.####.####### ##.##.# #@#
#.##.# #.# #.##.#
#.####o### #.##.# #....o5h#
#.##.. ##..oo#o# #<##..
##.###.# ## #.##.# ##
.###.#####)##.#
###############........##.#
#≈≈≈≈≈≈≈≈≈≈≈≈≈#.....#####.#


You could see an orc priest, 3 orcs and a friendly crimson imp (summoned).

Vanquished Creatures
  2 hounds
  2 dart slugs
  2 orcs
  3 bats
  2 endoplasms
  3 giant cockroaches
  7 goblins
  8 hobgoblins
  4 quokkas
  6 ball pythons
  4 frilled lizards
  3 kobolds
  5 rats
  A spectral goblin (D:1)
52 creatures vanquished.

Vanquished Creatures (collateral kills)
  4 gnolls
  2 worms
  2 ball pythons
  2 bats
  An endoplasm (D:3)
  A giant cockroach (D:4)
  A hobgoblin (D:4)
  A rat (D:3)
14 creatures vanquished.

Grand Total: 66 creatures vanquished

Notes
Turn   | Place    | Note
-------+----------+-------------------------------------------
     0 | D:1      | keekatzer the Ghoul Summoner began the quest for the Orb.
     0 | D:1      | Reached XP level 1. HP: 14/14 MP: 2/2
   245 | D:1      | Reached XP level 2. HP: 22/22 MP: 1/3
   407 | D:1      | Learned a level 2 spell: Call Imp
   680 | D:1      | Reached skill level 1 in Fighting
   742 | D:1      | Reached XP level 3. HP: 24/28 MP: 3/5
   841 | D:1      | Found a faded altar of an unknown god.
  1857 | D:3      | Reached skill level 4 in Summonings
  1857 | D:3      | Reached XP level 4. HP: 24/35 MP: 2/6
  2335 | D:3      | Reached XP level 5. HP: 41/41 MP: 7/7
  2402 | D:3      | Learned a level 3 spell: Call Canine Familiar
  2499 | D:3      | Found a shimmering blue altar of Sif Muna.
  3204 | D:4      | Killed from afar by an orc priest

Illustrated notes

Levels and vault maps discovered:
D:1:      evilmike_arrival_rings, layout_basic,
          dreamdust_ecumenical_altar_drowned_temple,
          hangedman_abyss_or_decor_stabs, minmay_misc_feat_room,
          chequers_serial_rivers_room_b, grunt_decor_cap,
          nicolae_figureground_sparkle
D:2:      layout_loops_ring, feat_on_display
D:3:      layout_basic, nicolae_sif_muna_little_library, minivault_4,
          minmay_misc_feat_columns, grunt_decor_one_mirror,
          roderic_roman_lattice, st_stairs_8, cheibrodos_gnoll_hut
D:4:      layout_loops_ring, old_standard_altar, kennysheep_path_1

Skill      XL: |  1  2  3  4  5 |
---------------+----------------+-----
Dodging        | 2 |  2.7
Spellcasting   | 2 |  2.5
Fighting       | 1 2 |  2.2
Stealth        | 3 |  3.5
Summonings     | 4 |  4.2

Action                   |  1- 3 |  4- 6 || total
-------------------------+-------+-------++-------
Melee: Club              |    13 |       ||    13
       Unarmed           |     4 |       ||     4
       Dagger            |   121 |    87 ||   208
       Punch             |     1 |       ||     1
 Cast: Summon Small Mamm |    13 |     6 ||    19
       Call Imp          |     4 |     8 ||    12
       Call Canine Famil |       |     1 ||     1
 Stab: Sleeping          |     8 |     5 ||    13
Armor: Robe              |    26 |    19 ||    45
Dodge: Dodged            |    84 |    63 ||   147
